 Dungeon Crawl Stone Soup version 0.19.1-1-g22dce08 (webtiles) character file.

947 Jerry the Ducker (level 7, -1/50 HPs)
             Began as a Mummy Gladiator on Jan 10, 2017.
             Was an Initiate of Gozag.
             Killed from afar by an electric eel (10 damage)
             ... with a bolt of electricity
             ... on level 6 of the Dungeon.
             The game lasted 00:14:41 (5899 turns).

Jerry the Ducker (Mummy Gladiator)                  Turns: 5899, Time: 00:14:42

Health: -1/50      AC:  8    Str: 18    XL:     7   Next: 89%
Magic:  7/7        EV: 13    Int:  8    God:    Gozag
Gold:   172        SH:  0    Dex: 14    Spells: 0 memorised, 6 levels left

rFire  x . .     SeeInvis .     a - +0 long sword
rCold  + . .     Gourm    .     i - +0 ring mail (curse)
rNeg   + + +     Faith    .     (no shield)
rPois  ∞         Spirit   .     c - +1 helmet
rElec  .         Reflect  .     (no cloak)
rCorr  .         Harm     .     (no gloves)
MR     .....                    (no boots)
Stlth  +.........               (no amulet)
                                g - ring of wizardry
                                (no ring)

@: no status effects
A: no food or potions, fire vulnerability, cold resistance 1, negative energy
resistance 3, torment resistance, unbreathing
a: Potion Petition, Call Merchant, Bribe Branch, Renounce Religion


You were on level 6 of the Dungeon.
You worshipped Gozag.
Gozag was aware of your devotion.
You were not hungry.

You visited 2 branches of the dungeon, and saw 7 of its levels.

You collected 215 gold pieces.
You paid 43 gold pieces to Gozag.

Inventory:

Hand Weapons
 a - a +0 long sword (weapon)
 j - a +0 dagger of venom
Missiles
 d - a throwing net (quivered)
Armour
 c - a +1 helmet (worn)
 i - a cursed +0 ring mail (worn)
 p - a +0 buckler
Jewellery
 f - an uncursed ring of magical power
 g - a ring of wizardry (right hand)
Wands
 e - a wand of confusion (22/48)
 k - a wand of disintegration (7/24)
 l - a wand of random effects (19/48)
 s - a wand of iceblast (6/15)
Scrolls
 b - 5 scrolls of teleportation
 h - 2 scrolls of blinking
 m - 2 scrolls of recharging
 n - 4 scrolls of identify
 q - a scroll of fear
Books
 o - a book of Flames

   Spells                             Type                      Level
   a - Flame Tongue                   Conjuration/Fire             1
   b - Throw Flame                    Conjuration/Fire             2
   c - Conjure Flame                  Conjuration/Fire             3
   d - Inner Flame                    Hexes/Fire                   3
   e - Sticky Flame                   Conjuration/Fire             4
   f - Fireball                       Conjuration/Fire             5


   Skills:
 - Level 2.0 Fighting
 + Level 4.9 Long Blades
 - Level 1.5 Throwing
 + Level 4.2 Armour
 + Level 5.0 Dodging


You had 6 spell levels left.
You didn't know any spells.

Dungeon Overview and Level Annotations

Branches:
Dungeon (6/15)             Temple (1/1) D:5

Altars:
Ashenzari
Cheibriados
Dithmenos
Elyvilon
Gozag
Hepliaklqana
Kikubaaqudgha
Makhleb
Nemelex Xobeh
Okawaru
Qazlal
Sif Muna
Trog
Uskayaw
Vehumet
Xom
Yredelemnul
Zin
The Shining One

Shops:
D:5 =   D:6 (


Innate Abilities, Weirdness & Mutations

You do not eat or drink.
Your flesh is vulnerable to fire.
You are immune to poison.
Your flesh is cold resistant. (rC+)
You are immune to negative energy. (rN+++)
You are immune to unholy pain and torment.
You can survive without breathing.


Message History

The electric eel is severely wounded.
You barely miss the electric eel.
The electric eel is severely wounded.
You hit the electric eel.
The electric eel is almost dead.
The electric eel shoots out a bolt of lightning at you!
The bolt of electricity hits you! x2
The bolt of electricity hits the electric eel.
The electric eel completely resists.
You completely miss the electric eel.
The electric eel is almost dead.
The electric eel shoots out a bolt of lightning at you!
The bolt of electricity misses you. The bolt of electricity hits you!
* * * LOW HITPOINT WARNING * * *
The bolt of electricity hits the electric eel.
The electric eel completely resists.
The electric eel shoots out a bolt of lightning at you!
The bolt of electricity hits you!
You die...
Your body crumbles into a pile of gold.

#≈≈≈≈≈≈≈≈≈# #≈≈≈≈≈≈≈≈≈#
#≈≈≈≈≈≈≈≈≈#
#≈≈≈≈≈≈≈≈≈#####≈≈≈≈≈
#≈≈≈≈≈≈≈≈≈≈≈≈≈≈≈≈≈≈≈
#≈≈≈≈≈≈≈≈≈≈≈≈≈≈≈≈≈≈≈
#≈≈..≈;....≈≈≈.≈≈≈≈≈.≈≈
#.....@................
#......................
#######.#####.#.##.....
#.......#.##.....
#######...##.....
#..###..... #..###.(...
#.......... ##.###.####


You could see an electric eel.

Vanquished Creatures
  Prince Ribbit (D:5)
  An ice beast (D:6)
  An ogre (D:5)
  2 bullfrogs (D:6)
  A scorpion (D:4)
  2 crimson imps (D:5)
  A hound (D:5)
  An orc wizard (D:3)
  An iguana (D:4)
  3 worker ants
  A hound skeleton (D:5)
  4 adders
  A shadow imp (D:6)
  2 oozes
  An adder skeleton (D:5)
  A worm (D:5)
  3 dart slugs
  2 leopard geckos
  6 orcs
  7 giant cockroaches
  13 goblins
  4 hobgoblins
  6 jackals
  10 kobolds
  3 quokkas
  14 bats
  5 frilled lizards
  4 rats
101 creatures vanquished.

Notes
Turn   | Place    | Note
-------+----------+-------------------------------------------
     0 | D:1      | Jerry the Mummy Gladiator began the quest for the Orb.
     0 | D:1      | Reached XP level 1. HP: 16/16 MP: 1/1
   336 | D:1      | Reached XP level 2. HP: 18/22 MP: 2/2
   573 | D:1      | Reached skill level 1 in Armour
   804 | D:1      | Reached XP level 3. HP: 27/27 MP: 3/3
   985 | D:1      | Found a shimmering altar of Xom.
   987 | D:1      | Found a shadowy altar of Dithmenos.
   987 | D:1      | Found a sparkling altar of Nemelex Xobeh.
   989 | D:1      | Found a shattered altar of Ashenzari.
   989 | D:1      | Found a radiant altar of Vehumet.
   989 | D:1      | Found a basalt altar of Yredelemnul.
  1119 | D:2      | Found a glowing silver altar of Zin.
  1166 | D:2      | Found a sparkling altar of Nemelex Xobeh.
  1638 | D:3      | Reached XP level 4. HP: 32/33 MP: 4/4
  1688 | D:3      | Reached skill level 3 in Dodging
  2122 | D:4      | Reached XP level 5. HP: 28/38 MP: 5/5
  3076 | D:4      | Found a deep blue altar of Sif Muna.
  3180 | D:5      | Entered Level 5 of the Dungeon
  3215 | D:5      | Reached XP level 6. HP: 42/44 MP: 6/6
  3362 | D:5      | Found a staircase to the Ecumenical Temple.
  3830 | D:5      | Reached skill level 4 in Dodging
  4251 | D:5      | Found Etway's Jewellery Boutique.
  4287 | D:5      | Noticed Prince Ribbit
  4308 | D:5      | Killed Prince Ribbit
  4308 | D:5      | Reached XP level 7. HP: 24/50 MP: 7/7
  4631 | Temple   | Entered the Ecumenical Temple
  4748 | Temple   | Became a worshipper of Gozag Ym Sagoz the Greedy
  5632 | D:6      | Found Yzuxkeu's Weapon Emporium.
  5744 | D:6      | Reached skill level 5 in Dodging
  5899 | D:6      | Killed from afar by an electric eel

Skill      XL: |  1  2  3  4  5  6  7 |
---------------+----------------------+-----
Armour         | 1 2 3 4 |  4.2
Long Blades    | 3 4 |  4.9
Dodging        | 3 4 5 |  5.0
Fighting       | |  2.0
Throwing       | |  1.5

Action                   |  1- 3 |  4- 6 |  7- 9 || total
-------------------------+-------+-------+-------++-------
Melee: Long sword        |    53 |       |    49 ||   102
       Dagger            |    98 |   281 |    30 ||   409
Throw: Throwing net      |       |     6 |       ||     6
  Use: Scroll            |     5 |     6 |       ||    11
 Stab: Sleeping          |     1 |       |       ||     1
       Held in net/web   |       |     1 |       ||     1
Armor: Leather armour    |    59 |    14 |       ||    73
       Ring mail         |       |    34 |    21 ||    55
Dodge: Dodged            |   135 |   155 |    54 ||   344
       Rpst.: Long sword |    11 |       |     7 ||    18
